 Dungeon Crawl Stone Soup version 0.20.1-1-g8b1a95d (webtiles) character file.

207 MJtheKandyman the Slasher (level 5, -2/46 HPs)
             Began as a Minotaur Fighter on Dec 28, 2017.
             Slain by a gnoll (4 damage)
             ... on level 4 of the Dungeon.
             The game lasted 00:06:49 (2263 turns).

MJtheKandyman the Slasher (Minotaur Fighter)        Turns: 2263, Time: 00:06:49

Health: -2/46      AC:  7    Str: 21    XL:     5   Next: 54%
Magic:  4/4        EV:  7    Int:  5    God:
Gold:   200        SH:  9    Dex: 10    Spells: 4/4 levels left

rFire    . . .     SeeInvis .   a - +0 long sword
rCold    . . .     Gourm    .   c - +0 shield
rNeg     . . .     Faith    .   b - +0 scale mail
rPois    .         Spirit   .   (helmet restricted)
rElec    .         Reflect  .   (no cloak)
rCorr    .         Harm     .   (no gloves)
MR       .....                  (no boots)
Stlth    ..........             (no amulet)
Regen    0.2/turn               (no ring)
MPRegen  0.1/turn               (no ring)

@: no status effects
A: retaliatory headbutt, horns 2
a: no special abilities


You were on level 4 of the Dungeon.
You were very hungry.

You visited 1 branch of the dungeon, and saw 4 of its levels.

You collected 200 gold pieces.

Inventory:

Hand Weapons
 a - a +0 long sword (weapon)
Armour
 b - a +0 scale mail (worn)
 c - a +0 shield (worn)
 o - a +0 plate armour
Jewellery
 n - an uncursed ring of wizardry {unknown}
 p - an uncursed ring of positive energy {unknown}
Scrolls
 h - 2 scrolls of teleportation {unknown}
 l - 3 scrolls of fear {unknown}
 q - 2 scrolls of magic mapping {unknown}
 r - 2 scrolls of enchant weapon {unknown}
 s - a scroll of amnesia {unknown}
 u - a scroll of enchant armour {unknown}
 v - a scroll of blinking {unknown}
 w - a scroll of remove curse {unknown}
Potions
 d - a potion of might
 e - 2 potions of brilliance {unknown}
 j - a potion of flight {unknown}
 k - 2 potions of agility {unknown}
 t - a potion of magic {unknown}
Comestibles
 f - a bread ration
 g - 4 royal jellies
 i - 9 fruits
 m - 3 meat rations


   Skills:
 + Level 3.8 Fighting
 * Level 6.8 Long Blades
 + Level 3.9 Armour
 - Level 3.6 Shields


You had 4 spell levels left.
You didn't know any spells.

Dungeon Overview and Level Annotations

Branches:
Dungeon (4/15)
 Temple: D:4-7

Altars:
Ashenzari
Fedhas
Gozag
Trog
The Shining One


Innate Abilities, Weirdness & Mutations

You reflexively headbutt those who attack you in melee.
You have a pair of horns on your head.


Message History

You block the gnoll's attack. The gnoll hits you.
The gnoll hits you with a whip!
* * * LOW HITPOINT WARNING * * *
The gnoll hits you but does no damage.
You closely miss the gnoll.
The gnoll is almost dead.
You block the gnoll's attack. The gnoll hits you with a whip.
* * * LOW HITPOINT WARNING * * *
The gnoll hits you from afar with a spear.
* * * LOW HITPOINT WARNING * * *
You hit the gnoll but do no damage.
The gnoll is moderately wounded.
You block the gnoll's attack. The gnoll barely misses you.
You riposte.
You hit the gnoll.
The gnoll is heavily wounded.
You block the gnoll's attack.
You closely miss the gnoll. Your headbutt misses the gnoll.
The gnoll is heavily wounded.
The gnoll hits you.
You die...

#........# #
#.....<..# #
#........# #
#####...####
#######
#.......
#.....#
#.......
#.....#
##......
#.....#
#......
#@....#
#......
#...ggg....+
..........
##..g#.....#
....#.....
......#.....#
....#.....
##.#. #.....#
### #..... ..
#. #######
....... . .
(...###. ..
.... #. #.


You could see 4 gnolls.

Vanquished Creatures
  A scorpion (D:4)
  A bullfrog skeleton (D:3)
  A gnoll (D:4)
  6 adders
  An ooze (D:3)
  A dart slug (D:3)
  3 leopard geckos
  An orc (D:4)
  A ball python (D:2)
  7 giant cockroaches
  5 goblins
  6 hobgoblins
  4 jackals (D:2)
  7 bats (D:1)
  7 frilled lizards
  2 kobolds
  8 rats
62 creatures vanquished.

Notes
Turn   | Place    | Note
-------+----------+-------------------------------------------
     0 | D:1      | MJtheKandyman the Minotaur Fighter began the quest for the Orb.
     0 | D:1      | Reached XP level 1. HP: 19/19 MP: 0/0
    48 | D:1      | Found a shattered altar of Ashenzari.
    70 | D:1      | Reached skill level 3 in Long Blades
   104 | D:1      | Reached XP level 2. HP: 24/26 MP: 1/1
   317 | D:1      | Reached skill level 4 in Long Blades
   486 | D:2      | Reached XP level 3. HP: 31/31 MP: 2/2
   587 | D:2      | Found a bloodstained altar of Trog.
   587 | D:2      | Found an opulent altar of Gozag.
   806 | D:2      | Reached skill level 5 in Long Blades
  1133 | D:2      | Reached XP level 4. HP: 36/39 MP: 3/3
  1569 | D:3      | Reached skill level 6 in Long Blades
  1748 | D:3      | Found a glowing golden altar of the Shining One.
  1883 | D:3      | Reached XP level 5. HP: 41/45 MP: 4/4
  1998 | D:4      | Found a blossoming altar of Fedhas.
  2261 | D:4      | HP: 2/46 [gnoll/spear (2)]
  2263 | D:4      | Slain by a gnoll

Skill      XL: |  1  2  3  4 |
---------------+-------------+-----
Long Blades    | 3 4 5 6 |  6.8
Fighting       | |  3.8
Armour         | |  3.9
Shields        | |  3.6

Action                   |  1- 3 |  4- 6 || total
-------------------------+-------+-------++-------
Melee: Long sword        |    87 |    68 ||   155
       Headbutt          |    11 |    10 ||    21
  Eat: Chunk             |       |     3 ||     3
Armor: Scale mail        |    39 |    16 ||    55
Dodge: Dodged            |    30 |    18 ||    48
Block: Shield            |    39 |    35 ||    74
       Rpst.: Long sword |     8 |     7 ||    15
